 Dungeon Crawl Stone Soup version 0.29.0-4-gdea44cf6ec (webtiles) character file.

Game seed: 155611497238844828

58 qw the Chopper (level 4, -2/26 HPs)
             Began as a Tengu Warper on Aug 28, 2022.
             Slain by Terence
             ... wielding a +0 short sword
              (8 damage)
             ... on level 2 of the Dungeon.
             The game lasted 00:00:07 (1401 turns).

qw the Chopper (Tengu Warper)                       Turns: 1401, Time: 00:00:08

Health: -2/26      AC:  3    Str: 13    XL:     4   Next: 2%
Magic:  8/8        EV: 12    Int: 13    God:
Gold:   82         SH:  0    Dex: 14    Spells: 7/7 levels left

rFire   . . .      SeeInvis .   Y - +0 hand axe (chaos)
rCold   . . .      Faith    .   (no shield)
rNeg    . . .      Spirit   .   b - +0 leather armour
rPois   .          Reflect  .   (helmet restricted)
rElec   .          Harm     .   (no cloak)
rCorr   +          Rampage  .   (no gloves)
Will    .....                   (boots unavailable)
Stlth   +.........              (no amulet)
HPRegen 0.08/turn               g - ring of resist corrosion
MPRegen 0.11/turn               (no ring)

@: lethally poisoned (-2 -> -4)
A: beak, talons 3
a: no special abilities


You were on level 2 of the Dungeon.
You visited 1 branch of the dungeon, and saw 2 of its levels.

You collected 82 gold pieces.


Innate Abilities, Weirdness & Mutations

You have a beak for a mouth.
You have claws for feet.


   Skills:
 - Level 2.0 Fighting
 + Level 4.6 Axes
 - Level 1.0 Throwing
 - Level 1.1 Armour
 - Level 2.1 Dodging
 - Level 2.0 Spellcasting
 - Level 2.4 Translocations


You had 7 spell levels left.
You didn't know any spells.
Your spell library contained the following spells:

 Spells                   Type           Power      Damage    Failure   Level
 Blink                    Tloc           14%        N/A       19%         2
 Gell's Gravitas          Tloc           7%         N/A       36%         3
 Lesser Beckoning         Tloc           7%         N/A       36%         3
 Teleport Other           Tloc           7%         N/A       36%         3
 Manifold Assault         Tloc           7%         N/A       98%         5

Inventory:

Hand Weapons
 a - a +0 whip
 Y - a +0 hand axe of chaos (weapon)
Armour
 b - a +0 leather armour (worn)
Jewellery
 g - a ring of resist corrosion (left hand)
Scrolls
 d - 3 scrolls of identify {unknown}
Potions
 c - 3 potions of curing

Dungeon Overview and Level Annotations

Branches:
Dungeon (2/15)

Altars:

Annotations:
D:2 Terence


Message History

A bat comes into view.
You see here a potion of curing.
Enter note: You hit the bat.
You kill the bat!
You have reached level 4!
You feel agile.
c - 3 potions of curing (gained 1)
A ball python comes into view.
The ball python hisses angrily.
You hit the ball python. You claw the ball python.
You kill the ball python!
Terence the Incautious comes into view.
He is wielding a +0 short sword and wearing a +1 scale mail of poison resistance.
Terence shouts!
An adder comes into view.
1390 ||| Stepping ~*~*~tactically~*~*~ (stealth).
The adder hisses angrily.
You hit Terence but do no damage. Terence hits you with a +0 short sword.
You closely miss Terence. Your peck misses Terence.
Terence hits you with a +0 short sword.
You slash Terence! You claw Terence, but do no damage.
Your peck misses Terence.
Terence is heavily wounded.
Terence hits you with a +0 short sword. Terence barely misses you.
The adder bites you.
You are poisoned.
The adder poisons you!
You hit Terence but do no damage. Your peck misses Terence.
Terence is heavily wounded.
You hit the adder but do no damage.
You feel sick. The adder closely misses you. Terence closely misses you.
You barely miss Terence.
Terence is heavily wounded.
You closely miss the adder.
You feel sick. The adder barely misses you. Terence barely misses you.
You hit Terence but do no damage.
Terence is heavily wounded.
You closely miss the adder.
You feel sick. The adder misses you. x2
Terence hits you with a +0 short sword!
You die...

#.##.###..##.........#
#.#..#
#..............####..#
#.#... #########....#.#
#..### #.#..#
#....#.####....#####.#..#
#....#.#.................
#.##.#.#.###.........##.#
#.##.#.#.# #.............
#.##.#.#.# #....(....##.#
.....#+#@# #.#.......##.#
#......@S.##.#...##.###.#
.........##.....##.##...
................##.##..#
.........##...#.##.##..#
...##...###...#.##.##..#
... #...#..........##...
.. #...#.............#.
#.......#######.


You could see Terence and an adder.

Vanquished Creatures
  Jessica (D:2)
  A worm (D:2)
  A dart slug (D:1)
  5 ball pythons
  3 bats
  An endoplasm (D:1)
  2 giant cockroaches (D:1)
  4 goblins
  2 hobgoblins (D:1)
  3 kobolds
  4 rats
27 creatures vanquished.

Notes
Turn   | Place    | Note
-------+----------+-------------------------------------------
     0 | D:1      | qw the Tengu Warper began the quest for the Orb.
     0 | D:1      | Reached XP level 1. HP: 12/12 MP: 4/4
     0 | D:1      | 0 ||| qw: Version: 0.1-a-89-g26bdef1
     0 | D:1      | 0 ||| qw: Game counter: 3041
     0 | D:1      | 0 ||| qw: Always use a shield: true
     0 | D:1      | 0 ||| qw: God list: Okawaru
     0 | D:1      | 0 ||| qw: Allow faded altars: false
     0 | D:1      | 0 ||| qw: Do Orc after D:15 true
     0 | D:1      | 0 ||| qw: Do second Lair branch before Depths: true
     0 | D:1      | 0 ||| qw: Lair rune preference: random
     0 | D:1      | 0 ||| qw: Plans: Normal
     0 | D:1      | 0 ||| PLANNING D:1-11
    48 | D:1      | 48 ||| Stepping ~*~*~tactically~*~*~ (stealth).
   217 | D:1      | Reached skill level 3 in Axes
   217 | D:1      | Reached XP level 2. HP: 16/17 MP: 6/6
   381 | D:1      | 381 ||| Stepping ~*~*~tactically~*~*~ (stealth).
   402 | D:1      | 402 ||| Stepping ~*~*~tactically~*~*~ (stealth).
   402 | D:1      | Found a faded altar of an unknown god.
   403 | D:1      | 403 ||| Stepping ~*~*~tactically~*~*~ (stealth).
   412 | D:1      | 412 ||| Stepping ~*~*~tactically~*~*~ (stealth).
   427 | D:1      | 427 ||| Stepping ~*~*~tactically~*~*~ (stealth).
   438 | D:1      | 438 ||| Stepping ~*~*~tactically~*~*~ (stealth).
   472 | D:1      | 472 ||| Stepping ~*~*~tactically~*~*~ (stealth).
   674 | D:1      | 674 ||| Stepping ~*~*~tactically~*~*~ (stealth).
   676 | D:1      | 676 ||| Stepping ~*~*~tactically~*~*~ (stealth).
   688 | D:1      | 688 ||| Stepping ~*~*~tactically~*~*~ (stealth).
   689 | D:1      | 689 ||| Stepping ~*~*~tactically~*~*~ (stealth).
   693 | D:1      | 693 ||| Stepping ~*~*~tactically~*~*~ (stealth).
   700 | D:1      | 700 ||| DROPPING orb of mayhem.
   701 | D:1      | 701 ||| UPGRADING to ring of resist corrosion.
   702 | D:1      | 702 ||| DROPPING scroll of blinking.
   703 | D:1      | 703 ||| Stepping randomly (stuck).
   705 | D:1      | 705 ||| Stepping ~*~*~tactically~*~*~ (hiding).
  1017 | D:1      | Reached XP level 3. HP: 21/21 MP: 7/7
  1125 | D:1      | 1125 ||| READING scroll labelled ODAUSH LAHU.
  1126 | D:1      | 1126 ||| DRINKING 2 lumpy ruby potions.
  1144 | D:2      | Noticed Jessica
  1148 | D:2      | Killed Jessica
  1149 | D:2      | Reached skill level 4 in Axes
  1215 | D:2      | 1215 ||| DROPPING +0 club.
  1359 | D:2      | Reached XP level 4. HP: 26/26 MP: 8/8
  1389 | D:2      | Noticed Terence
  1390 | D:2      | 1390 ||| Stepping ~*~*~tactically~*~*~ (stealth).
  1401 | D:2      | HP: 6/26 [poisoned by an adder]
  1401 | D:2      | Slain by Terence

Levels and vault maps discovered:
D:1:      mrwooster_arrival_statue_2, layout_loops_ring,
          hellmonk_ecumenical_altar_arch_garden, minivault_24,
          hangedman_decor_lopped, minmay_surrounded
D:2:      layout_basic, uniq_jessica, uniq_terence

Skill      XL: |  1  2  3 |
---------------+----------+-----
Axes           | 3 4 |  4.6
Fighting       | |  2.0
Throwing       | |  1.0
Armour         | |  1.1
Dodging        | |  2.1
Spellcasting   | |  2.0
Translocations | |  2.4

Action                   |  1- 3 |  4- 6 || total
-------------------------+-------+-------++-------
Melee: Hand axe          |    64 |     7 ||    71
       Kick              |    18 |     2 ||    20
       Peck              |    11 |       ||    11
Throw: Boomerang         |     7 |       ||     7
  Use: Scroll            |     1 |       ||     1
       Potion            |     1 |       ||     1
Armor: Leather armour    |    19 |       ||    19
Dodge: Dodged            |    31 |     7 ||    38

Table legend:
 A = Non-vault XP
 B = Vault XP
 C = Vault XP percentage of total XP
 D = Non-vault monster count
 E = Vault monster count
 F = Vault count percentage of total count
                 A         B        C        D         E       F
            +---------+---------+-------+---------+---------+-------
      Total |      39 |      45 |  53.6 |      23 |       4 |  14.8
            +---------+---------+-------+---------+---------+-------
        D:1 |      26 |       8 |  23.5 |      16 |       3 |  15.8
        D:2 |      13 |      37 |  74.0 |       7 |       1 |  12.5
            +---------+---------+-------+---------+---------+-------
